 Dungeon Crawl Stone Soup version 0.32-a0-913-g739538afd8 (webtiles) character file.

Game seed: 8061187015156165888

601 ezpacito the Chopper (level 7, -16/54 HPs)
             Began as a Coglin Chaos Knight on Apr 10, 2024.
             Was a Plaything of Xom.
             Succumbed to a death drake's dark miasma
             ... on level 5 of the Dungeon.
             The game lasted 00:04:58 (3449 turns).

ezpacito the Chopper (Coglin Chaos Knight)          Turns: 3449, Time: 00:04:58

Health: -16/54     AC: 13    Str: 16      XL:     7   Next: 41%
Magic:  8/8        EV: 11    Int: 11      God:    Xom [......]
Gold:   79         SH:  0    Dex: 13 (14) Spells: 0/8 levels left

rFire   . . .        a - +0 hand axe (chaos) {Yongsun}
rCold   + + .        r - +2 short sword (speed) {Gustavo}
rNeg    . . .        b - +2 leather armour
rPois   .            F - +0 helmet
rElec   .            g - +2 cloak
rCorr   .            B - +1 pair of gloves of Itsutaer {Harm rC++ Str+2}
SInv    .            j - +1 pair of boots
Will    .....        (amulet unavailable)
Stlth   +            (ring unavailable)
HPRegen 0.29/turn    (ring unavailable)
MPRegen 0.11/turn    (no gizmo)

%: harm (+30% outgoing, +20% incoming)
@: brilliant, lethally poisoned (-16 -> -84), slowed, revved, very slow
A: off-hand wielding, slow wielding, warmup strikes, no jewellery
a: Invent Gizmo, Renounce Religion


You were on level 5 of the Dungeon.
You worshipped Xom.
You were a very special plaything of Xom.
You visited 2 branches of the dungeon, and saw 6 of its levels.

You collected 211 gold pieces.
You spent 132 gold pieces at shops.

Inventory:

Hand Weapons
 a - a +0 hand axe of chaos (weapon) {Yongsun}
 r - a +2 short sword of speed (offhand) {Gustavo}
 D - a +0 trident
Missiles
 w - 2 poisoned darts (quivered)
 z - a throwing net
Armour
 b - a +2 leather armour (worn)
 g - a +2 cloak (worn)
 j - a +1 pair of boots (worn)
 B - the +1 pair of gloves of Itsutaer (worn) {Harm rC++ Str+2}
   (You found it on level 2 of the Dungeon)

   Str+2:     It affects your strength (+2).
   rC++:      It greatly protects you from cold.
   Harm:      It increases damage dealt and taken.
 F - a +0 helmet (worn)
Talismans
 m - a maw talisman
 s - a beast talisman
 y - a granite talisman
Wands
 x - a wand of iceblast (5)
Scrolls
 e - a scroll of blinking {unknown}
 f - 3 scrolls of enchant armour {unknown}
 h - a scroll of enchant weapon {unknown}
 i - a scroll of amnesia {unknown}
 o - a scroll of acquirement {unknown}
 p - a scroll of identify {unknown}
 t - 2 scrolls of fear {unknown}
 v - 2 scrolls of vulnerability {unknown}
 A - a scroll of revelation {unknown}
 C - a scroll of summoning {unknown}
 G - a scroll of teleportation {unknown}
 H - 2 scrolls of noise {unknown}
Potions
 d - a potion of might
 k - 3 potions of attraction
 l - a potion of heal wounds {unknown}
 n - a potion of curing {unknown}
 q - a potion of lignification {unknown}
 u - a potion of brilliance
 E - a potion of enlightenment


   Skills:
 * Level 4.2 Fighting
 * Level 4.3(4.8) Axes
 * Level 2.5(3.6) Polearms
 * Level 3.0 Armour
 * Level 2.6 Dodging
 + Level 1.4 Stealth
 + Level 1.2 Spellcasting
 + Level 0.0 Conjurations
 + Level 0.0 Air Magic
 + Level 0.0 Alchemy
 + Level 1.8 Evocations
 + Level 1.1 Shapeshifting


You couldn't memorise any spells.
You knew the following spells:

 Your Spells              Type           Power      Damage    Failure   Level
a - Magic Dart            Conj           4%         1d3       36%         1
b - Mercury Vapours       Alch/Air       2%         N/A       50%         2
c - Searing Ray           Conj           2%         2d4       50%         2
x - Mephitic Cloud        Conj/Alch/Air  1%         N/A       75%         3

Your spell library contained the following spells:

 Spells                   Type           Power      Damage    Failure   Level
 Maxwell's Portable Pile  Tloc           1%         2d(5-13)  75%         3
 Fulminant Prism          Conj/Alch      0%         3d5       98%         4
 Arcjolt                  Conj/Air       0%         1d10      100%        5
 Freezing Cloud           Conj/Ice/Air   0%         6-21      100%        5
 Maxwell's Capacitive Co  Air            0%         ∞         100%        8


Dungeon Overview and Level Annotations

Branches:
Dungeon (5/15)             Temple (1/1) D:4

Altars:
Ashenzari
Cheibriados
Dithmenos
Fedhas
Gozag
Kikubaaqudgha
Makhleb
Nemelex Xobeh
Okawaru
Qazlal
Ru
Sif Muna
Trog
Uskayaw
Vehumet
Wu Jian
Xom
Yredelemnul
Zin
The Shining One

Shops:
D:4 !


Innate Abilities, Weirdness & Mutations

You can wield a second weapon in your off-hand.
It takes a long time for you to wield or remove held weapons.
Your first few attacks do less damage.
You cannot equip rings or amulets.


Message History

You barely miss the death drake with your +0 hand axe of chaos.
The death drake bites you but does no damage.
You hit the death drake but do no damage.
The death drake is moderately wounded.
You closely miss the death drake with your +0 hand axe of chaos.
The death drake closely misses you.
You hit the death drake with your +0 hand axe of chaos.
The death drake is moderately wounded.
You closely miss the death drake with your +2 short sword of speed.
You hear Xom's maniacal laughter.
You feel clumsy. The death drake barely misses you.
You hit the death drake with your +0 hand axe of chaos.
The death drake is heavily wounded.
You closely miss the death drake with your +2 short sword of speed.
The death drake breathes miasma at you. The foul vapour engulfs you!
You are poisoned.
You take 13 damage, and have 30/54 hp.
MASSIVE DAMAGE!!
As you read the scroll of butterflies, it crumbles to dust.
You hear the flapping of tiny wings.
The death drake is knocked back by the sudden gust.
You are engulfed in dark miasma.
You are lethally poisoned!
You feel yourself slow down.
* * * LOW HITPOINT WARNING * * *
You feel extremely sick. The death drake bites your butterfly!
Your butterfly dies!
Your butterfly disappears in a burst of colours!
You take 17 damage, and have 13/54 hp.
MASSIVE DAMAGE!!
It was a potion of brilliance.
You feel clever all of a sudden.
Xom roars with laughter!
You are engulfed in dark miasma.
You are more poisoned.
You feel as though you will be slow longer.
* * * LOW HITPOINT WARNING * * *
You die...
Xom roars with laughter! .... # #..## .# #...####.. #b..b... ##b.b..# #b.bbbb#

#b.bbb##
###bbb##
#.bb@b#
....#bbbbb.bb#
....#bb.bb.b..#
..#.bbbk.bbb.##
..#.#.##b#####
..### ## #.. #.


You could see a death drake (ally target).

Vanquished Creatures
  A black bear (D:3)
  The ghost of lotum the Cudgeller, an amateur AtWr (D:4)
  A bullfrog (D:4)
  A hound (D:4)
  An iguana (D:4)
  Ijyb (D:3)
  2 orc wizards
  4 adders
  7 gnolls
  An ufetubus (D:3)
  2 ribbon worms (D:3)
  A dart slug (D:3)
  9 orcs
  9 ball pythons
  8 bats
  14 endoplasms
  9 giant cockroaches
  6 goblins
  5 hobgoblins
  A jackal (D:3)
  6 kobolds
  5 quokkas
  3 frilled lizards
  9 rats
107 creatures vanquished.

Vanquished Creatures (others)
  An orc (D:4)
1 creature vanquished.

Grand Total: 108 creatures vanquished

Notes
Turn   | Place    | Note
-------+----------+-------------------------------------------
     0 | D:1      | ezpacito the Coglin Chaos Knight began the quest for the
                  | Orb.
     0 | D:1      | Reached XP level 1. HP: 18/18 MP: 1/1
    25 | D:1      | Reached skill level 1 in Dodging
    62 | D:1      | Reached XP level 2. HP: 24/24 MP: 2/2
   425 | D:1      | Reached XP level 3. HP: 29/29 MP: 3/3
   585 | D:1      | XOM: silly message
   623 | D:1      | XOM: silly message
  1096 | D:2      | Identified the +1 pair of gloves of Itsutaer {Harm rC++
                  | Str+2}
  1248 | D:2      | Reached skill level 1 in Polearms
  1416 | D:2      | Reached XP level 4. HP: 35/35 MP: 4/4
  1435 | D:2      | XOM: silly message
  1441 | D:2      | Found a faded altar of an unknown god.
  1727 | D:3      | XOM: silly message
  1915 | D:3      | Noticed Ijyb
  1929 | D:3      | Killed Ijyb
  1931 | D:3      | Reached XP level 5. HP: 37/41 MP: 5/5
  2087 | D:3      | XOM: 1-stop teleportation journey
  2235 | D:3      | XOM: confuse monster(s)
  2370 | D:3      | Noticed a black bear
  2376 | D:3      | Killed a black bear
  2377 | D:3      | Reached skill level 1 in Stealth
  2377 | D:3      | Reached skill level 1 in Evocations
  2377 | D:3      | Reached XP level 6. HP: 48/48 MP: 7/7
  2541 | D:4      | Found a transporter.
  2541 | D:4      | Noticed lotum's ghost (amateur AtWr)
  2542 | D:4      | Found a transporter.
  2577 | D:4      | Found Jisi's Distillery.
  2580 | D:4      | Bought a potion of might for 44 gold pieces
  2580 | D:4      | Bought a potion of attraction for 33 gold pieces
  2580 | D:4      | Bought a potion of enlightenment for 55 gold pieces
  2698 | D:4      | Reached skill level 1 in Spellcasting
  2794 | D:4      | Found a staircase to the Ecumenical Temple.
  2802 | D:4      | Reached skill level 1 in Shapeshifting
  2816 | Temple   | Entered the Ecumenical Temple
  3171 | D:4      | Reached XP level 7. HP: 34/54 MP: 8/8
  3381 | D:4      | Killed lotum's ghost
  3404 | D:4      | Learned a level 1 spell: Magic Dart
  3407 | D:4      | Learned a level 2 spell: Mercury Vapours
  3411 | D:4      | Learned a level 3 spell: Mephitic Cloud
  3414 | D:4      | Learned a level 2 spell: Searing Ray
  3437 | D:5      | Entered Level 5 of the Dungeon
  3437 | D:5      | Noticed a troll
  3443 | D:5      | a troll changed into a death drake
  3443 | D:5      | Noticed a death drake
  3443 | D:5      | XOM: polymorph troll -> death drake
  3446 | D:5      | XOM: stat loss: -1 Dex (13/14)
  3449 | D:5      | Succumbed to a death drake's dark miasma

Illustrated notes

Levels and vault maps discovered:
D:1:      minmay_arrival_radiant_lines, layout_basic, minmay_misc_feat_enclosed,
          st_stairs_9
D:2:      layout_loops_corners, chequers_ecumenical_altar_twisty
D:3:      layout_loops_ring, grunt_ministairs_6, minmay_misc_feat_cross,
          kennysheep_potato, uniq_ijyb
D:4:      layout_loops_ring, minmay_temple_entry_crystal_x, serial_shops,
          nicolae_shop_window_shopping, gammafunk_ghost_arena
D:5:      layout_cave_pools
Temple:   mainiacjoe_temple_cubbyholes

Skill      XL: |  1  2  3  4  5  6  7 |
---------------+----------------------+-----
Dodging        | 1 2 |  2.6
Armour         | 2 3 |  3.0
Polearms       | 1 2 |  2.5
Axes           | 4 |  4.3
Stealth        | 1 |  1.4
Evocations     | 1 |  1.8
Spellcasting   | 1 |  1.2
Fighting       | 4 |  4.2
Shapeshifting  | 1 |  1.1

Action                     |  1- 3 |  4- 6 |  7- 9 || total
---------------------------+-------+-------+-------++-------
  Melee: Hand axe          |    72 |   117 |    17 ||   206
         Dagger            |    56 |       |       ||    56
         Short sword       |    16 |   112 |    18 ||   146
    Use: Potion            |       |       |     2 ||     2
         Scroll            |       |       |     1 ||     1
   Stab: Paralysed         |     2 |       |       ||     2
         Sleeping          |     1 |     2 |       ||     3
 Armour: Leather armour    |    44 |    72 |     7 ||   123
  Dodge: Dodged            |    44 |    71 |    18 ||   133

Table legend: (Time is in decaauts)
 A = Elapsed time spent in this place.
 B = Non-inter-level travel time spent in this place.
 C = Inter-level travel time spent in this place.
 D = Time resting spent in this place.
 E = Time spent auto-exploring this place.
 F = Levels seen in this place.
 G = Mean time per level.
                   A        B        C        D        E       F      G
               +--------+--------+--------+--------+--------+-----+--------+
         Total |   3433 |   3146 |    287 |      0 |   2521 |   6 |  572.2 |
       Dungeon |   3426 |   3139 |    287 |      0 |   2521 |   5 |  685.2 |
        Temple |      6 |      6 |      0 |      0 |      0 |   1 |    6.0 |
               +--------+--------+--------+--------+--------+-----+--------+

Top non-repeatable levels by time:
     D:2: 926 daAuts
     D:4: 891 daAuts
     D:3: 812 daAuts
     D:1: 785 daAuts
     D:5: 10 daAuts
  Temple: 6 daAuts
